cohdb
Replays
Latest Replays
All Replays
Popular Replays
Top Player Replays
Match Explorer
How It Works
Community
CoH3 Stats
Reddit
Sign in to upload your games and track your stats! →
Sign in with Steam
Match 38536939
Unlisted
Match 38536939
Overview
Messages
Build Orders
End
Panzergrenadier Squad
Selects Battlefield Espionage Battlegroup
250 Light Carrier
Selects Sector Subterfuge Beacon
Panzergrenadier Squad
Construct Light Support Kompanie
Fire Support Elements
Assault Grenadier Squad
Selects 250/3 Funkpanzerwagen
250/3 Funkpanzerwagen
le.IG 18 Mechanized Group
Flakvierling Half-track
Pak 38 Anti-tank Gun Team
2.5-tonne Medical Truck
Selects Anti-Tank Incendiary Munitions
Construct Panzerarmee Kommand
Selects Transfer Depots
Panzer III L Medium Tank
Selects Firestorm
2.5-tonne Medical Truck
Panzer III L Medium Tank
Vehicle Survival Package
Emergency Repair Kits
Selects Operation Skorpion
Armored Reserves
Veteran Squad Leaders
Advanced Field Repairs
Pak 38 Anti-tank Gun Team
Firestorm
Firestorm
hosconinja557[CI]
NoName
Tanith's Finest
DaMerkKid
BorzoiWitcher
HackerBlack_Sunday
0
0
Comments
sign in to comment!
No comments posted yet!